 Dungeon Crawl Stone Soup version 0.29-a0-334-gb41bcbb86e (webtiles) character file.

Game seed: 8014479568055181434

365 spaghetti the Firebug (level 6, -19/50 HPs)
             Began as a Deep Dwarf Arcane Marksman on Apr 15, 2022.
             Was a Believer of Ru.
             Killed by an exploding orc wizard (48 damage)
             ... ignited by their inner flame
             ... on level 4 of the Dungeon.
             The game lasted 00:11:54 (4043 turns).

spaghetti the Firebug (Deep Dwarf Arcane Marksman)  Turns: 4043, Time: 00:11:54

Health: -19/50     AC:  6    Str: 13    XL:     6   Next: 40%
Magic:  2/6        EV: 11    Int: 16    God:    Ru [**....]
Gold:   234        SH:  5    Dex: 13    Spells: 3/7 levels left

rFire   . . .      SeeInvis .   i - +0 spear (distort) {!wpolearm}
rCold   . . .      Faith    .   r - +2 buckler
rNeg    . . .      Spirit   .   b - +0 robe
rPois   .          Reflect  .   l - +2 helmet
rElec   .          Harm     .   p - +0 cloak
rCorr   .          Rampage  .   (no gloves)
Will    .....                   (no boots)
Stlth   +.........              (no amulet)
HPRegen 0.00/turn               (no ring)
MPRegen 0.10/turn               (no ring)

@: no status effects
A: damage resistance, heal wounds, sense surroundings 1, inability to use
devices, no regeneration
a: Heal Wounds, Renounce Religion


You were on level 4 of the Dungeon.
You worshipped Ru.
Ru was pleased with you.
You visited 1 branch of the dungeon, and saw 4 of its levels.

You collected 234 gold pieces.


Innate Abilities, Weirdness & Mutations

You are resistant to damage.
You can heal yourself by infusing magical energy.
You passively map a small area around you.
You cannot study or use magical devices.
You do not regenerate.


   Skills:
 - Level 0.8 Fighting
 - Level 2.1 Crossbows
 - Level 2.1 Dodging
 - Level 1.0 Spellcasting
 + Level 4.2 Hexes
 * Level 4.5 Fire Magic


You had 3 spell levels left.
You knew the following spells:

 Your Spells              Type           Power      Damage    Failure   Level
a - Slow                  Hex            56%        N/A       5%          1
b - Inner Flame           Hex/Fire       14%        N/A       16%         3

Your spell library contained the following spells:

 Spells                   Type           Power      Damage    Failure   Level
 Magic Dart               Conj           0%         1d3       30%         1
 Portal Projectile        Hex/Tloc       14%        N/A       36%         3
 Call Imp                 Summ           0%         N/A       43%         2
 Mephitic Cloud           Conj/Pois/Air  0%         N/A       67%         3
 Cause Fear               Hex            7%         N/A       50%         4

Inventory:

Hand Weapons
 a - a +0 hand crossbow {crossbow}
 i - a +0 spear of distortion (weapon) {!wpolearm}
   (You found it on level 1 of the Dungeon)
Missiles
 d - 137 stones (quivered) {throwing}
 h - 25 poisoned darts {throwing}
 q - 4 boomerangs {throwing}
Armour
 b - a +0 robe (worn)
 l - a +2 helmet (worn)
   (You found it on level 2 of the Dungeon)
 p - a +0 cloak (worn)
   (You found it on level 3 of the Dungeon)
 r - a +2 buckler (worn)
   (You took it off a kobold on level 3 of the Dungeon)
Wands
 e - a wand of polymorph (10)
   (You found it on level 4 of the Dungeon)
Scrolls
 c - 3 scrolls of vulnerability {!r!r}
 g - a scroll of blinking {!r}
 j - a scroll of magic mapping {!r}
 k - a scroll of fog
 m - a scroll of noise {!r}
 n - a scroll of teleportation {@r4}
 o - a scroll of brand weapon {unknown}
 t - a scroll of enchant armour {unknown}
Potions
 s - a potion of brilliance {unknown}

Dungeon Overview and Level Annotations

Branches:
Dungeon (4/15)             Temple (0/1) D:4

Altars:
Ru

Annotations:
D:3 1 runed translucent door, exclusions: endoplasm and upstairs, Crazy Yiuf
D:4 exclusion: 2 doors

#......####..###....##
*
######...##.##....###
. .. ###...........# ,
.. #.#####...........#
,
#..#.................#
,
.......#...#.........#
......#§.#...........#
,
.o...#§°###..........#
(....°§§@............#
(.......###..........#
......#..##..........#
,
#############........#
........'...)#####
........'..>##
#.......###.########
......# ≈≈
##......##.........#
...##.#
##.....##.........#


You could see an orc wizard.


Message History

As you read the scroll of identify {@r1}, it crumbles to dust.
k - a scroll of fog
As you read the scroll of identify {@r1}, it crumbles to dust.
m - a scroll of noise
As you read the scroll of identify {@r1}, it crumbles to dust.
n - a scroll of teleportation
Okay, then.
A hound is nearby!
A hound is nearby!
A hound is nearby!
A hound is nearby!
A hound is nearby!
Reach: i) +0 spear (distort) {!wpolearm}
Press: ? - help, Dir - move target, f - hound
Aim: a hound (wandering, hasn't noticed you, about 52% to evade your +0 spear of distortion)
You reach to attack!
You closely miss the hound.
The hound barks!
You closely miss the hound. The hound bites you but does no damage.
The hound bites you.
You closely miss the hound. The hound misses you. The hound closely misses you.
You hit the hound.
Space warps around the hound.
You block the hound's attack. The hound bites you but does no damage.
You closely miss the hound. The hound closely misses you.
You barely miss the hound. The hound closely misses you.
The hound barely misses you.
You hit the hound.
The hound is devoured by a tear in reality.
You see here a +0 robe.
Key pressed, stopping explore.
Key pressed, stopping explore.
An orc wizard is nearby!
An orc wizard is nearby!
Throw: 140 stones {throwing}
Press: ? - help, Q - select action, (/) - cycle Shift-Dir - straight line, f - orc wizard
Aim: an orc wizard, wielding a +0 dagger and wearing a +0 robe (wandering, hasn't noticed you, 47% to hit)
You throw a stone {throwing}.
The stone {throwing} closely misses the orc wizard.
Throw: 139 stones {throwing}
Press: ? - help, Q - select action, (/) - cycle Shift-Dir - straight line, f/p - orc wizard
Aim: an orc wizard, wielding a +0 dagger and wearing a +0 robe (47% to hit)
You throw a stone {throwing}.
The stone {throwing} closely misses the orc wizard.
Throw: 138 stones {throwing}
Press: ? - help, Q - select action, (/) - cycle Shift-Dir - straight line, f/p - orc wizard
Aim: an orc wizard, wielding a +0 dagger and wearing a +0 robe (47% to hit)
You throw a stone {throwing}.
The stone {throwing} closely misses the orc wizard.
Casting: Slow (safe; 5% risk of failure)
Confirm with . or Enter, or press ? or * to list all spells.
Aiming: Inner Flame (dangerous; 16% risk of failure)
Press: ? - help, Dir - move target, f/p - orc wizard
Aim: an orc wizard, wielding a +0 dagger and wearing a +0 robe (chance to affect: 67%)
The orc wizard is filled with an inner flame. 😮 MP[-3]
You lost 3 mp, and now have 3/6 mp.
Casting: Inner Flame (dangerous; 16% risk of failure)
Confirm with . or Enter, or press ? or * to list all spells.
Aiming: Slow (safe; 5% risk of failure)
Press: ? - help, Shift-Dir - straight line, f/p - orc wizard
Aim: an orc wizard, wielding a +0 dagger and wearing a +0 robe (inner flame, chance to affect: 53%)
The orc wizard resists with significant effort. 😮 MP[-1]
You lost 1 mp, and now have 2/6 mp.
Reach: i) +0 spear (distort) {!wpolearm}
Press: ? - help, Dir - move target, f/p - orc wizard
Aim: an orc wizard, wielding a +0 dagger and wearing a +0 robe (inner flame, about 49% to evade your +0 spear of distortion)
You reach to attack!
You barely miss the orc wizard. You hit the orc wizard.
Flame seeps out of the orc wizard.
The orc wizard blinks!
You start resting.
An orc wizard is nearby!
Casting: Slow (safe; 5% risk of failure)
Confirm with . or Enter, or press ? or * to list all spells.
Aiming: Slow (safe; 5% risk of failure)
Press: ? - help, Shift-Dir - straight line, f/p - orc wizard
Aim: an orc wizard, wielding a +0 dagger and wearing a +0 robe (lightly wounded, inner flame, chance to affect: 53%)
The orc wizard seems to slow down. 😮 MP[-1]
You lost 1 mp, and now have 1/6 mp.
Reach: i) +0 spear (distort) {!wpolearm}
Press: ? - help, Dir - move target, f/p - orc wizard
Aim: an orc wizard, wielding a +0 dagger and wearing a +0 robe (lightly wounded, inner flame, slow, about 49% to evade your +0 spear of distortion)
You reach to attack!
You hit the orc wizard.
Flame seeps out of the orc wizard.
The orc wizard blinks!
Reach: i) +0 spear (distort) {!wpolearm}
Press: ? - help, Dir - move target, f/p - orc wizard
Aim: an orc wizard, wielding a +0 dagger and wearing a +0 robe (heavily wounded, inner flame, slow, about 49% to evade your +0 spear of distortion)
You reach to attack!
You hit the orc wizard.
Flame seeps out of the orc wizard. 😮 MP[+1] Reach: i) +0 spear (distort) {!wpolearm}
Press: ? - help, Dir - move target, f/p - orc wizard
Aim: an orc wizard, wielding a +0 dagger and wearing a +0 robe (flame, almost dead, inner flame, slow, about 49% to evade your +0 spear of distortion)
Okay, then.
The orc wizard casts a spell at you. The magic dart hits you.
The orc wizard is engulfed in blazing flames.
The orc wizard explodes!
The fiery explosion engulfs you!!!
Ouch! That really hurt!
You die...

Skill      XL: |  1  2  3  4  5 |
---------------+----------------+-----
Hexes          | 3 4 |  4.2
Fire Magic     | 1 2 3 4 |  4.5
Fighting       | |  0.8
Crossbows      | |  2.1
Dodging        | |  2.1
Spellcasting   | |  1.0

Action                   |  1- 3 |  4- 6 || total
-------------------------+-------+-------++-------
Melee: Spear             |    52 |    64 ||   116
 Fire: Hand crossbow     |    35 |       ||    35
Throw: Stone             |    83 |    45 ||   128
       Dart              |       |     5 ||     5
 Cast: Slow              |    18 |    13 ||    31
       Inner Flame       |     8 |    14 ||    22
Invok: Sacrifice Artific |       |     1 ||     1
 Abil: Heal Wounds       |       |     1 ||     1
  Use: Scroll            |       |     7 ||     7
       Potion            |       |     1 ||     1
Armor: Robe              |    16 |    14 ||    30
Dodge: Dodged            |    34 |    29 ||    63
Block: Buckler           |       |    12 ||    12

Levels and vault maps discovered:
D:1:      dpeg_arrival_orchard, layout_loops_ring
D:2:      layout_basic, nicolae_ecumenical_lake_church, basic_altar,
          hangedman_decor_lopped, minivault_4, minmay_goblin_kobold_house
D:3:      layout_loops_ring, minmay_joined_circles, uniq_crazy_yiuf_cottage
D:4:      layout_rooms, lemuel_doored_altar, minmay_temple_entry_stoned_glass,
          kennysheep_opposing_triangles, uniq_eustachio, uniq_sigmund

Notes
Turn   | Place    | Note
-------+----------+-------------------------------------------
     0 | D:1      | spaghetti the Deep Dwarf Arcane Marksman began the quest
                  | for the Orb.
     0 | D:1      | Reached XP level 1. HP: 16/16 MP: 2/2
     0 | D:1      | magus.rc [v1.9.6]
   356 | D:1      | Reached skill level 3 in Hexes
   356 | D:1      | Reached XP level 2. HP: 22/24 MP: 3/3
   784 | D:2      | Reached skill level 1 in Fire Magic
   807 | D:2      | Reached XP level 3. HP: 28/30 MP: 2/4
   812 | D:2      | Learned a level 3 spell: Inner Flame
   916 | D:2      | You pick up a book of Minor Magic and begin reading...
   916 | D:2      | You add the spells Magic Dart, Call Imp and Mephitic Cloud
                  | to your library.
  1391 | D:2      | Found a sacrificial altar of Ru.
  1408 | D:2      | Reached skill level 2 in Fire Magic
  1413 | D:2      | Became a worshipper of Ru the Awakened
  1596 | D:2      | Found a faded altar of an unknown god.
  2122 | D:3      | Reached XP level 4. HP: 22/37 MP: 1/5
  2987 | D:3      | Found a runed translucent door.
  2988 | D:3      | Noticed Crazy Yiuf
  3184 | D:4      | Noticed Eustachio
  3189 | D:4      | HP: 9/37 [goblin/+0 club (3)]
  3293 | D:4      | Killed Eustachio
  3294 | D:4      | Reached skill level 3 in Fire Magic
  3294 | D:4      | Reached XP level 5. HP: 33/43 MP: 0/5
  3663 | D:4      | Gained mutation: You cannot study or use magical devices.
                  | [Ru sacrifice]
  3663 | D:4      | Reached * piety under Ru
  3663 | D:4      | Reached ** piety under Ru
  3727 | D:4      | Found a staircase to the Ecumenical Temple.
  3735 | D:4      | Noticed an ogre
  3748 | D:4      | Killed an ogre
  3749 | D:4      | Reached skill level 4 in Hexes
  3749 | D:4      | Reached skill level 4 in Fire Magic
  3749 | D:4      | Reached XP level 6. HP: 30/50 MP: 1/6
  4043 | D:4      | Killed by an exploding orc wizard... ignited by their inner
                  | flame

Vanquished Creatures
  Eustachio (D:4)
  An ogre (D:4)
  An orc wizard (D:4)
  2 adders
  3 worms (D:2)
  2 orcs
  5 bats
  7 endoplasms
  2 giant cockroaches
  13 hobgoblins
  4 jackals (D:3)
  3 quokkas
  4 ball pythons
  2 frilled lizards (D:1)
  11 goblins
  10 kobolds
  5 rats
76 creatures vanquished.

Table legend:
 A = Non-vault XP
 B = Vault XP
 C = Vault XP percentage of total XP
 D = Non-vault monster count
 E = Vault monster count
 F = Vault count percentage of total count
                 A         B        C        D         E       F
            +---------+---------+-------+---------+---------+-------
      Total |     313 |     244 |  43.8 |      56 |      23 |  29.1
            +---------+---------+-------+---------+---------+-------
        D:1 |      16 |       0 |   0.0 |      11 |       0 |   0.0
        D:2 |      56 |      14 |  20.0 |      21 |       8 |  27.6
        D:3 |      33 |      35 |  51.5 |      18 |      12 |  40.0
        D:4 |     208 |     195 |  48.4 |       6 |       3 |  33.3
            +---------+---------+-------+---------+---------+-------

Illustrated notes

Table legend:
 A = Kills in this place as a percentage of kills in entire the game.
 B = Kills by you in this place as a percentage of kills by you in the entire game.
 C = Kills by friends in this place as a percentage of kills by friends in the entire game.
 D = Other kills in this place as a percentage of other kills in the entire game.
 E = Experience gained in this place as a percentage of experience gained in the entire game.
 F = Experience gained in this place divided by the number of levels of this place that you have seen.
                   A       B       C       D       E      F
               +-------+-------+-------+-------+-------+----------------------
         Total | 100.0 | 100.0 |   N/A | 100.0 | 100.0 | 139.2
       Dungeon | 100.0 | 100.0 |   N/A | 100.0 | 100.0 | 139.2
               +-------+-------+-------+-------+-------+----------------------

Table legend: (Time is in decaauts)
 A = Elapsed time spent in this place.
 B = Non-inter-level travel time spent in this place.
 C = Inter-level travel time spent in this place.
 D = Time resting spent in this place.
 E = Time spent auto-exploring this place.
 F = Levels seen in this place.
 G = Mean time per level.
                   A        B        C        D        E       F      G
               +--------+--------+--------+--------+--------+-----+--------+
         Total |   4102 |   3951 |    151 |    685 |   2526 |   4 | 1025.5 |
       Dungeon |   4102 |   3951 |    151 |    685 |   2526 |   4 | 1025.5 |
               +--------+--------+--------+--------+--------+-----+--------+

Top non-repeatable levels by time:
     D:3: 1618 daAuts
     D:2: 1307 daAuts
     D:1: 698 daAuts
     D:4: 477 daAuts
